 Dungeon Crawl Stone Soup version 0.25.0-46-gbd7b0854d2 (webtiles) character file.

Game seed: 6956729090744114288

14548 Atelerd the Destroyer (level 12, 0/77 HPs)
             Began as an Octopode Wizard on July 15, 2020.
             Was an Elder of Sif Muna.
             Slain by an elephant (15 damage)
             ... in a Gauntlet.
             The game lasted 01:03:03 (22107 turns).

Atelerd the Destroyer (Octopode Wizard)            Turns: 22107, Time: 01:03:03

Health: 0/77       AC:  1    Str:  7    XL:     12   Next: 17%
Magic:  34/34      EV: 15    Int: 24    God:    Sif Muna [****..]
Gold:   2521       SH:  0    Dex: 11    Spells: 17/29 levels left

rFire    . . .     SeeInvis .   O - +5 falchion of an ossuary {speed, rC+ rN+}
rCold    + . .     Gourm    .   (no shield)
rNeg     + . .     Faith    +   a - +0 hat
rPois    .         Spirit   .   y - amulet of faith
rElec    .         Reflect  .   n - ring of protection from magic
rCorr    .         Harm     .   s - ring of stealth
MR       +....     NoTele   +   x - ring of magical power
Stlth    +++++.....             K - ring of flight
HPRegen  0.22/turn              (no ring)
MPRegen  0.24/turn              (no ring)
                                (no ring)
                                (no ring)

@: no status effects
A: almost no armour, stealthy swim, amphibious, 8 rings, constrict 8, camouflage
1, gelatinous body 1
a: Channel Magic, Forget Spell, Divine Exegesis, Renounce Religion, Evoke Flight


You were in a Gauntlet.
You worshipped Sif Muna.
Sif Muna was greatly pleased with you.
You were not hungry.

You visited 3 branches of the dungeon, and saw 14 of its levels.
You also visited: Bailey and Gauntlet.

You collected 2577 gold pieces.
You spent 56 gold pieces at shops.

Inventory:

Hand Weapons
 e - a +4 halberd
 p - a +1 falchion of electrocution
 D - a +2 trident of venom
 G - a +2 hand axe of venom
 H - a +0 scimitar
 O - the +5 falchion of an ossuary (weapon) {speed, rC+ rN+}
   (You took it off a centaur on level 11 of the Dungeon)

   Attacks with this weapon are significantly faster.
   It protects you from cold.
   It protects you from negative energy.
Missiles
 u - 8 throwing nets (quivered)
 F - 2 boomerangs of dispersal
Armour
 a - a +0 hat (worn)
 N - a +0 buckler
Magical Staves
 S - an uncursed staff of earth {unknown}
Jewellery
 n - a ring of protection from magic (left tentacle)
 s - a ring of stealth (right tentacle)
 x - a ring of magical power (on tentacle)
 y - an amulet of faith (around mantle)
 K - a ring of flight (on tentacle)
 Q - the ring of Hogesius {Ice rPois, unknown}
   (You found it in a Gauntlet)

   [ring of ice]

   It enhances your ice magic.
   It makes you vulnerable to fire.
   It protects you from cold.
   It protects you from poison.
 R - the ring of Dyluwketz {rElec rF+ rN+ MP+9, unknown}
   (You found it in a Gauntlet)

   [ring of protection from fire]

   It protects you from fire.
   It insulates you from electricity.
   It protects you from negative energy.
   It affects your magic capacity (+9).
Wands
 r - a wand of random effects (22)
 v - a wand of paralysis (8)
 J - a wand of polymorph (5)
 L - a wand of enslavement (7)
 P - a wand of disintegration (9)
Scrolls
 g - 4 scrolls of teleportation
 h - 2 scrolls of magic mapping
 j - 2 scrolls of remove curse
 k - 3 scrolls of amnesia
 l - 7 scrolls of enchant weapon
 m - 2 scrolls of immolation
 o - 3 scrolls of fog {unknown}
 t - 2 scrolls of blinking
 A - a scroll of vulnerability {unknown}
 B - 4 scrolls of random uselessness {unknown}
 C - a scroll of identify
 I - a scroll of noise {unknown}
Potions
 b - a potion of mutation
 d - a potion of lignification
 f - a potion of curing
 i - 2 potions of flight
 q - a potion of stabbing
 E - a potion of brilliance
Comestibles
 c - 21 rations


   Skills:
 - Level 5.0 Fighting
 - Level 4.3 Long Blades
 + Level 5.5 Dodging
 - Level 7.0 Stealth
 * Level 1.7 Shields
 + Level 9.2 Spellcasting
 - Level 10.0 Conjurations
   Level 1.0 Summonings
 - Level 3.0 Translocations
 - Level 2.0 Fire Magic
 - Level 3.0 Air Magic
 - Level 5.4 Poison Magic
 * Level 7.3 Invocations


You had 17 spell levels left.
You knew the following spells:

 Your Spells              Type           Power        Failure   Level  Hunger
a - Magic Dart            Conj           ####         1%          1    None
b - Mephitic Cloud        Conj/Pois/Air  #####...     1%          3    None
c - Blink                 Tloc           N/A          2%          2    None
d - Conjure Flame         Conj/Fire      #####...     1%          3    None
e - Tukima's Dance        Hex            ##......     17%         3    None

Your spell library contained the following spells:

 Spells                   Type           Power        Failure   Level  Hunger
 Lesser Beckoning         Tloc           ####......   4%          3    None
 Teleport Other           Tloc           ####....     4%          3    None
 Animate Skeleton         Necr           N/A          6%          1    None
 Pain                     Necr           ##..         6%          1    None
 Call Imp                 Summ           ###.....     6%          2    None
 Slow                     Hex            ##......     9%          2    None
 Inner Flame              Hex/Fire       ###.....     12%         3    None
 Summon Guardian Golem    Hex/Summ       ##......     14%         3    None
 Vampiric Draining        Necr           ##........   17%         3    None
 Animate Dead             Necr           N/A          50%         4    ##.....
 Agony                    Necr           ##......     85%         5    ####...


Dungeon Overview and Level Annotations

Branches:
Dungeon (12/15)            Temple (1/1) D:6            Lair (1/6) D:11
    Orc (0/2) D:10         Bailey (visited)         Gauntlet (1/1)

Altars:
Ashenzari
Cheibriados
Dithmenos
Elyvilon
Fedhas
Gozag
Hepliaklqana
Kikubaaqudgha
Makhleb
Nemelex Xobeh
Okawaru
Qazlal
Ru
Sif Muna
Trog
Uskayaw
Vehumet
Wu Jian
Xom
Yredelemnul
Zin
The Shining One

Shops:
D:4 %*

Annotations:
D:5 exclusion: downstairs
D:6 2 transporters, exclusion: 2 downstairs, Ethylacetat's ghost, novice OpGl Gauntlet 8 transporters, 1 runed translucent door


Innate Abilities, Weirdness & Mutations

You cannot wear most types of armour.
You are very stealthy in the water. (Stealth+)
You are amphibious.
You can wear up to eight rings at the same time.
You can use your tentacles to constrict eight enemies at once.
Your skin changes colour to match your surroundings (Stealth+).
Your rubbery body absorbs attacks. (AC +1, EV +1)


Message History

Memorise Call Imp, consuming 2 spell levels and leaving 15?
You start memorising the spell.
You continue memorising.
The elephant seems less confused.
You continue memorising.
The elephant tramples you but does no damage.
Your memorisation is interrupted.
The elephant misses you.
The minotaur hits you from afar with a +1 trident of venom!!
You are poisoned.
Unknown command.
You feel sick.
You feel sick.
You feel sick.
You feel sick.
You feel sick.
You feel sick. The elephant tramples you!
* * * LOW HITPOINT WARNING * * *
You stumble backwards!
Found four items.
You feel better. The elephant tramples you!
You die...

....§§§.§§§...8.∩.8......§.......
#§#≈#§#≈#§#############≈#≈#§#≈#≈#
############.........############
##...©.©.©...## #.............#
#.#.#######.#.# #.#....#....#.#
#.#.##.#.##.#.# #......@Y.H...#
#.#..##'##..#.# # #8.8#..#.#
#...#....# #8.8#.8### #:.[####
#8.8# #}.[#


You could see a minotaur and an elephant.

Vanquished Creatures
  Harold (D:7)
  A two-headed ogre (D:10)
  A cyclops (D:11)
  A manticore (D:11)
  An ugly thing (D:8)
  Psyche (D:10)
  2 trolls (D:11)
  3 hippogriffs
  A shadow (D:12)
  4 hogs
  4 yaks
  A wraith (D:11)
  A human (D:6)
  2 hungry ghosts
  Grum (D:10)
  Menkaure (D:7)
  A water moccasin (Lair:1)
  Duvessa (D:7)
  A hornet zombie (D:8)
  13 orc warriors
  3 ice beasts
  A necrophage (D:6)
  5 sky beasts
  6 ogres
  2 phantoms
  15 centaurs
  2 crocodiles
  7 wolves
  A big kobold (D:9)
  8 gnoll sergeants (Bailey)
  3 bullfrogs
  Dowan (D:7)
  3 scorpions
  5 killer bees (D:9)
  9 wights
  A howler monkey (D:8)
  3 crimson imps
  2 centaur zombies (D:10)
  3 jellies
  A quasit (D:8)
  A bullfrog skeleton (D:5)
  10 orc priests
  5 hounds
  A centaur skeleton (D:5)
  6 gnoll shamans (Bailey)
  2 iguanas
  Ijyb (D:4)
  14 orc wizards
  Natasha (thrice) (D:2)
  7 worker ants
  2 hound skeletons
  A worker ant zombie (D:10)
  9 adders
  22 gnolls
  2 howler monkey skeletons
  5 shadow imps
  An ooze (D:4)
  An adder zombie (D:7)
  2 adder skeletons
  5 worms
  A dart slug (D:3)
  7 leopard geckos
  70 orcs
  6 bats
  4 giant cockroaches
  4 goblins
  10 hobgoblins
  13 jackals
  14 kobolds
  8 quokkas
  3 ball pythons
  A ball python skeleton (D:4)
  3 frilled lizards
  A jackal zombie (D:7)
  A leopard gecko skeleton (D:8)
  A quokka skeleton (D:5)
  A quokka zombie (D:8)
  11 rats
  A rat zombie (D:9)
383 creatures vanquished.

Vanquished Creatures (collateral kills)
  A killer bee (D:9)
1 creature vanquished.

Vanquished Creatures (others)
  2 fungi (Lair:1)
2 creatures vanquished.

Grand Total: 386 creatures vanquished

Notes
Turn   | Place    | Note
-------+----------+-------------------------------------------
     0 | D:1      | Atelerd the Octopode Wizard began the quest for the Orb.
     0 | D:1      | Reached XP level 1. HP: 11/11 MP: 4/4
   369 | D:1      | Reached XP level 2. HP: 17/17 MP: 0/6
   622 | D:1      | Reached skill level 2 in Conjurations
  1386 | D:2      | Reached XP level 3. HP: 13/21 MP: 3/7
  1391 | D:2      | Learned a level 3 spell: Mephitic Cloud
  1626 | D:2      | Noticed Natasha
  1896 | D:2      | Reached skill level 1 in Poison Magic
  2005 | D:2      | Killed Natasha
  2005 | D:2      | Reached skill level 3 in Conjurations
  2005 | D:2      | Reached XP level 4. HP: 20/27 MP: 5/9
  2131 | D:2      | Noticed Natasha
  2138 | D:2      | Killed Natasha
  2455 | D:2      | Noticed Natasha
  2462 | D:2      | Killed Natasha
  2462 | D:2      | Reached XP level 5. HP: 30/31 MP: 6/10
  2579 | D:3      | Found a burning altar of Makhleb.
  2579 | D:3      | Found a stormy altar of Qazlal.
  2579 | D:3      | Found a snail-covered altar of Cheibriados.
  3799 | D:3      | Reached skill level 4 in Conjurations
  3799 | D:3      | Reached XP level 6. HP: 6/36 MP: 9/11
  4103 | D:3      | Learned a level 2 spell: Blink
  4599 | D:4      | Noticed Ijyb
  4602 | D:4      | Reached skill level 1 in Fighting
  4604 | D:4      | Found Oqirphais's General Store.
  4617 | D:4      | Killed Ijyb
  4617 | D:4      | Reached XP level 7. HP: 24/43 MP: 8/13
  4671 | D:4      | Learned a level 3 spell: Conjure Flame
  4676 | D:4      | Bought a scroll of identify for 28 gold pieces
  4676 | D:4      | Bought a scroll of identify for 28 gold pieces
  5015 | D:4      | Reached skill level 1 in Long Blades
  5046 | D:4      | Found a sparkling altar of Nemelex Xobeh.
  5153 | D:4      | Found an iron altar of Okawaru.
  6113 | D:4      | Found Sudwat's Food Emporium.
  6725 | D:5      | Entered Level 5 of the Dungeon
  6861 | D:5      | Reached skill level 5 in Conjurations
  6861 | D:5      | Reached skill level 5 in Poison Magic
  6861 | D:5      | Reached XP level 8. HP: 41/51 MP: 14/14
  7868 | D:6      | Found a transporter.
  7868 | D:6      | Noticed Ethylacetat's ghost (novice OpGl)
  7869 | D:6      | Found a transporter.
  7871 | D:6      | Noticed a slime creature
  7877 | D:6      | Found an ornate altar of the Wu Jian Council.
  8013 | D:6      | Found a radiant altar of Vehumet.
  8042 | D:6      | Found a staircase to the Ecumenical Temple.
  8774 | D:6      | Reached skill level 5 in Stealth
  8774 | D:6      | Reached skill level 5 in Spellcasting
  9047 | D:6      | You fall into a shaft and drop 1 floor!
  9049 | D:7      | Noticed Harold
  9125 | Temple   | Entered the Ecumenical Temple
  9396 | Temple   | Became a worshipper of Sif Muna the Loreminder
  9769 | D:7      | Found a radiant altar of Vehumet.
  9770 | D:7      | Noticed Duvessa
  9772 | D:7      | Noticed Dowan
  9816 | D:7      | Noticed a hippogriff
 10296 | D:6      | Reached skill level 6 in Conjurations
 10296 | D:6      | Reached XP level 9. HP: 29/58 MP: 9/16
 10925 | D:7      | Reached skill level 5 in Fighting
 11086 | D:7      | Noticed Menkaure
 11109 | D:7      | Killed Menkaure
 11109 | D:7      | Reached skill level 7 in Conjurations
 11587 | D:7      | Killed Duvessa
 11590 | D:7      | Killed Dowan
 11668 | D:7      | Noticed a moth of wrath
 11672 | D:7      | Reached * piety under Sif Muna
 11681 | D:7      | Reached skill level 8 in Conjurations
 11713 | D:7      | Killed Harold
 11713 | D:7      | Reached XP level 10. HP: 41/66 MP: 12/21
 11892 | D:7      | Found a bloodstained altar of Trog.
 12683 | D:8      | Noticed a green ugly thing
 12697 | D:8      | Killed a red ugly thing
 12697 | D:8      | Reached skill level 9 in Conjurations
 12703 | D:8      | Found an opulent altar of Gozag.
 12826 | D:8      | Reached skill level 1 in Invocations
 13020 | D:8      | Reached ** piety under Sif Muna
 13762 | D:9      | Reached skill level 1 in Fire Magic
 13762 | D:9      | Reached skill level 1 in Air Magic
 13804 | D:9      | Found a flagged portal.
 13933 | Bailey   | Entered a bailey
 13957 | Bailey   | Reached *** piety under Sif Muna
 14758 | D:9      | Found a bloodstained altar of Trog.
 14803 | D:9      | Reached XP level 11. HP: 39/71 MP: 23/23
 15615 | D:9      | Reached **** piety under Sif Muna
 15736 | D:9      | Found a sacrificial altar of Ru.
 16004 | D:9      | Found an ancient bone altar of Kikubaaqudgha.
 16053 | D:9      | Found a glowing golden altar of the Shining One.
 16058 | D:9      | Found a basalt altar of Yredelemnul.
 16060 | D:9      | Noticed a profane servitor
 16511 | D:9      | Noticed an angel
 16521 | D:10     | Entered Level 10 of the Dungeon
 17000 | D:10     | Noticed Grum
 17093 | D:10     | Killed Grum
 17766 | D:10     | Noticed Psyche
 17799 | D:10     | Killed Psyche
 17799 | D:10     | Reached skill level 5 in Invocations
 17837 | D:10     | Noticed a two-headed ogre
 17853 | D:10     | Killed a two-headed ogre
 18790 | D:10     | Found a staircase to the Orcish Mines.
 18866 | D:10     | Reached ***** piety under Sif Muna
 19173 | D:11     | Noticed a cyclops
 19267 | D:11     | Identified the +5 falchion of an ossuary {speed, rC+ rN+}
 19351 | D:11     | Killed a cyclops
 19351 | D:11     | Reached skill level 10 in Conjurations
 19354 | D:11     | Reached skill level 5 in Dodging
 19868 | D:11     | Identified Sif Muna's Primer on Spellcasting (Sif Muna
                  | gifted it to you on level 11 of the Dungeon)
 19868 | D:11     | Received a gift from Sif Muna
 20050 | D:11     | Reached XP level 12. HP: 39/77 MP: 14/25
 20427 | D:11     | Found a staircase to the Lair.
 21064 | D:12     | Reached skill level 1 in Shields
 21364 | Lair:1   | Entered Level 1 of the Lair of Beasts
 21522 | Lair:1   | Found a gate leading to a gauntlet.
 21553 | Gauntlet | Entered a Gauntlet
 21553 | Gauntlet | Found a transporter.
 21553 | Gauntlet | Found a transporter.
 21683 | Gauntlet | Noticed a tengu warrior
 21692 | Gauntlet | Found a transporter.
 21709 | Gauntlet | Found a transporter.
 21710 | Gauntlet | Found a transporter.
 21710 | Gauntlet | Found a transporter.
 21711 | Gauntlet | Noticed an entropy weaver
 21712 | Gauntlet | Found a transporter.
 21712 | Gauntlet | Found a transporter.
 21726 | Gauntlet | Found a transporter.
 21739 | Gauntlet | Found a transporter.
 21740 | Gauntlet | Noticed a death scarab
 21741 | Gauntlet | Noticed a death scarab
 21746 | Gauntlet | Found a transporter.
 21757 | Gauntlet | Noticed a dire elephant
 21763 | Gauntlet | Found a transporter.
 21782 | Gauntlet | Found a transporter.
 21783 | Gauntlet | Found a runed translucent door.
 21793 | Gauntlet | Found a transporter.
 21819 | Gauntlet | Learned a level 3 spell: Tukima's Dance
 21890 | Gauntlet | Noticed a minotaur
 21984 | Gauntlet | Got a clouded gossamer ring
 22080 | Gauntlet | Got a warped glass ring
 22107 | Gauntlet | Slain by an elephant

Illustrated notes

Levels and vault maps discovered:
D:1:      lightli_arrival_boilingwater, layout_basic
D:2:      layout_rooms, serial_curves, eino_curves_03, eino_curves_02,
          nrook_campfire, uniq_natasha
D:3:      layout_loops_ring, chequers_temple_overflow_statue_of_worship,
          small_statue_intersection, minmay_starry_boxes
D:4:      layout_layer_cave, okawaru_gym_becter,
          nemelex_xobeh_ov_fountains_minmay, serial_shops, shop,
          nicolae_shop_temple_entry_statues_fountains, minmay_ruptured,
          uniq_ijyb
D:5:      layout_loops_cross, first_ration
D:6:      layout_loops_ring, old_standard_altar, minmay_temple_entry_wispy,
          basic_altar, gammafunk_ghost_arena
D:7:      layout_basic, old_standard_altar, grunt_livestock, tgw_trog,
          uniq_duvessa, uniq_menkaure, uniq_harold
D:8:      layout_basic, nicolae_overflow_crystal_walls
D:9:      layout_small_grid, grunt_temple_overflow_holy_war,
          nicolae_ru_great_annihilating_truth,
          lemuel_zombie_altar_kikubaaqudgha, enter_bailey_2, basic_altar
D:10:     layout_roguey, david_orc_4, corexii_leaking_fountain, uniq_grum,
          uniq_psyche
D:11:     layout_stronghold, lair_entry_dummy
D:12:     layout_roguey, tgw_xom, uniq_snorg, uniq_azrael, uniq_rupert,
          uniq_jorgrun
Temple:   dpeg_chambers_temple
Lair:1:   layout_small_grid, gauntlet_entry_generic, uniq_prince_ribbit2
Gauntlet: gammafunk_gauntlet_mixed_choke_point
          [minmay_gauntlet_arena_77_two_lines, minmay_gauntlet_arena_77_path,
          minmay_gauntlet_arena_77_box, nicolae_gauntlet_swirl,
          minmay_gauntlet_arena_77_chump_sandwich,
          minmay_gauntlet_arena_77_mess,
          minmay_gauntlet_arena_77_radiant_squares,
          nicolae_gauntlet_exit_dead_adventurers]

Skill      XL: |  1  2  3  4  5  6  7  8  9 10 11 12 |
---------------+-------------------------------------+-----
Conjurations   | 2 3 4 5 6 8 9 10 | 10.0
Poison Magic   | 1 2 3 4 5 |  5.4
Spellcasting   | 4 5 7 8 9 |  9.2
Fighting       | 1 2 4 5 |  5.0
Stealth        | 3 5 6 7 |  7.0
Long Blades    | 1 2 3 4 |  4.3
Dodging        | 3 5 |  5.5
Invocations    | 3 6 7 |  7.3
Fire Magic     | 2 |  2.0
Air Magic      | 1 3 |  3.0
Translocations | 2 3 |  3.0
Shields        | 1 |  1.7
Summonings     | |  1.0

Action                   |  1- 3 |  4- 6 |  7- 9 | 10-12 || total
-------------------------+-------+-------+-------+-------++-------
Melee: Dagger            |    26 |     4 |       |       ||    30
       Constrict         |     6 |    21 |    41 |    61 ||   129
       Tentacles         |     4 |    10 |    22 |    58 ||    94
       Falchion          |       |    73 |   154 |   316 ||   543
 Cast: Magic Dart        |    48 |    38 |   186 |   470 ||   742
       Mephitic Cloud    |     1 |     3 |    38 |   120 ||   162
       Blink             |       |       |    19 |    26 ||    45
       Conjure Flame     |       |       |    15 |    36 ||    51
Invok: Channel Magic     |       |       |       |     2 ||     2
Evoke: Wand              |       |       |     2 |     5 ||     7
  Use: Scroll            |     5 |     3 |     4 |     8 ||    20
       Potion            |       |     1 |       |     7 ||     8
 Stab: Sleeping          |     1 |     3 |     9 |     7 ||    20
       Confused          |     2 |       |     8 |    33 ||    43
       Distracted        |       |     1 |     1 |     2 ||     4
       Paralysed         |       |       |       |     9 ||     9
  Eat: Chunk             |     2 |     9 |    19 |    23 ||    53
       Ration            |       |       |     2 |     3 ||     5
Armor: Skin              |     1 |     3 |     6 |    10 ||    20
Dodge: Dodged            |    27 |    52 |    96 |   241 ||   416
       Rpst.: Falchion   |       |    17 |    32 |    73 ||   122
